 Dungeon Crawl Stone Soup version 0.28-a0-29-g0adfcbbeba (webtiles) character file.

Game seed: 7179582793927529942

230 Conn the Firebug (level 6, -1/36 HPs)
             Began as an Octopode Fire Elementalist on July 27, 2021.
             Was an Initiate of Sif Muna.
             Slain by a jackal (2 damage)
             ... on level 4 of the Dungeon.
             The game lasted 00:06:27 (4249 turns).

Conn the Firebug (Octopode Fire Elementalist)       Turns: 4249, Time: 00:06:27

Health: -1/36      AC:  1    Str:  7    XL:     6   Next: 3%
Magic:  9/10       EV: 13    Int: 25    God:    Sif Muna [......]
Gold:   189        SH:  5    Dex: 13    Spells: 4/11 levels left

rFire   + . .      SeeInvis .   o - +3 war axe (distort)
rCold   + . .      Faith    .   (no shield)
rNeg    . . .      Spirit   .   (helmet restricted)
rPois   +          Reflect  +   n - amulet of reflection
rElec   +          Harm     .   i - +6 ring of intelligence
rCorr   +          Rampage  .   (no ring)
Will    .....                   (no ring)
Stlth   +++.......              (no ring)
HPRegen 0.12/turn               (no ring)
MPRegen 0.12/turn               (no ring)
                                (no ring)
                                (no ring)

@: lethally poisoned (-1 -> -3), resistant, attractive
A: almost no armour, amphibious, 8 rings, camouflage 1, gelatinous body 1,
(nimble swimmer 1), tentacles
a: Renounce Religion


You were on level 4 of the Dungeon.
You worshipped Sif Muna.
Sif Muna was noncommittal.
You visited 2 branches of the dungeon, and saw 5 of its levels.

You collected 189 gold pieces.

Inventory:

Hand Weapons
 f - a +0 dagger
 o - a +3 war axe of distortion (weapon)
Jewellery
 i - a +6 ring of intelligence (left tentacle)
 j - a ring of ice
 n - an amulet of reflection (around mantle)
Wands
 r - a wand of acid (9)
Scrolls
 a - 3 scrolls of amnesia {unknown}
 d - 2 scrolls of identify {unknown}
 g - 2 scrolls of enchant weapon {unknown}
 h - a scroll of magic mapping {unknown}
 m - a scroll of noise {unknown}
Potions
 b - a potion of degeneration {unknown}
 c - a potion of attraction
 e - a potion of resistance
 k - 2 potions of heal wounds {unknown}
 l - a potion of curing {unknown}
 p - a potion of haste {unknown}
 q - a potion of magic {unknown}


   Skills:
 + Level 0.2 Fighting
 + Level 0.2 Short Blades
 + Level 0.3 Axes
 + Level 2.2 Dodging
 + Level 4.0 Stealth
 + Level 1.0 Unarmed Combat
 + Level 3.1 Spellcasting
 * Level 2.3 Conjurations
 * Level 1.3 Hexes
 * Level 4.1 Fire Magic


You had 4 spell levels left.
You knew the following spells:

 Your Spells              Type           Power      Damage    Failure   Level
a - Foxfire               Conj/Fire      80%        2x1d8     2%          1
b - Conjure Flame         Conj/Fire      20%        6-21      8%          3
c - Inner Flame           Hex/Fire       17%        N/A       10%         3

Your spell library contained the following spells:

 Spells                   Type           Power      Damage    Failure   Level
 Summon Small Mammal      Summ           12%        N/A       10%         1
 Summon Guardian Golem    Hex/Summ       7%         N/A       22%         3
 Sticky Flame             Conj/Fire      20%        2d4       26%         4
 Call Canine Familiar     Summ           3%         N/A       30%         3
 Fireball                 Conj/Fire      10%        3d6       58%         5


Dungeon Overview and Level Annotations

Branches:
Dungeon (4/15)             Temple (1/1) D:4

Altars:
Ashenzari
Dithmenos
Elyvilon
Gozag
Hepliaklqana
Kikubaaqudgha
Makhleb
Qazlal
Ru
Sif Muna
Vehumet
Zin


Innate Abilities, Weirdness & Mutations

You cannot wear most types of armour.
You are amphibious.
You can wear up to eight rings at the same time.
Your skin changes colour to match your surroundings (Stealth+).
Your rubbery body absorbs attacks. (AC +1, EV +1)
((You are camouflaged near water. (Stealth+)))
You have tentacles for arms and can constrict up to eight enemies at once.


Message History

You block the bullfrog skeleton's attack.
A goblin comes into view. It is wielding a +0 club.
Unknown command.
Unknown command.
* * * LOW HITPOINT WARNING * * *
You feel sick.
Unknown command.
Aiming: Corrosive Bolt
Press: ? - help, Shift-Dir - straight line, f - orc
Aim: an orc, wielding a +0 flail (71% to hit)
The bolt of acid hits the scorpion!
The scorpion is splashed with acid.
You kill the scorpion!
Sif Muna accepts your kill.
The bolt of acid hits the orc!
The orc is splashed with acid!
You kill the orc!
Sif Muna accepts your kill.
* * * LOW HITPOINT WARNING * * *
You feel sick. The goblin barely misses you.
Your Stealth skill increases to level 4!
Your Fire Magic skill increases to level 4!
You have reached level 6!
Your experience leads to an increase in your attributes!
Your base attributes are Str 7, Int 18, Dex 13.
Increase (S)trength, (I)ntelligence, or (D)exterity?
You feel clever.
Unknown command.
Unknown command.
Unknown command.
Okay, then.
It was a potion of attraction.
You feel attractive to monsters.
* * * LOW HITPOINT WARNING * * *
You feel sick. You block the jackal's attack. The jackal bites you.
* * * LOW HITPOINT WARNING * * *
The goblin misses you.
It was a potion of resistance.
You feel protected.
* * * LOW HITPOINT WARNING * * *
You feel sick. The jackal bites you.
You die...

#......####................
##8.>.8...........#........#
#.......###.......#.........
#.#.8.#.#.+.......#.###....#
#.#.###.#.#.......#.# ....#
#.........#.....#.#.# #...
........###..#######.#.# .>#
######.##?##.##...##.#.# ..
#.#$...Jh@g......
#.##...K###..##.# #..#...ZZ
..# #......... ...
#..#......# ### #.##....###
#. (....[ ##?##..


You could see an endoplasm, a jackal, a goblin and a kobold.

Vanquished Creatures
  A scorpion (D:4)
  A centaur skeleton (D:3)
  4 adders
  An ufetubus (D:4)
  3 dart slugs
  6 orcs
  6 bats
  8 endoplasms
  2 giant cockroaches
  8 goblins
  10 hobgoblins
  12 jackals
  2 kobolds
  A quokka (D:1)
  6 ball pythons
  2 frilled lizards (D:1)
  8 rats
81 creatures vanquished.

Vanquished Creatures (others)
  236 foxfires
236 creatures vanquished.

Grand Total: 317 creatures vanquished

Notes
Turn   | Place    | Note
-------+----------+-------------------------------------------
     0 | D:1      | Conn the Octopode Fire Elementalist began the quest for the
                  | Orb.
     0 | D:1      | Reached XP level 1. HP: 11/11 MP: 3/3
   545 | D:1      | Reached XP level 2. HP: 12/17 MP: 1/5
  1616 | D:2      | Reached XP level 3. HP: 21/21 MP: 6/6
  1620 | D:2      | Learned a level 3 spell: Conjure Flame
  1881 | D:2      | Reached skill level 1 in Unarmed Combat
  1960 | D:2      | Reached XP level 4. HP: 27/27 MP: 3/7
  2653 | D:2      | Found a faded altar of an unknown god.
  3613 | D:3      | Reached XP level 5. HP: 31/31 MP: 6/9
  3641 | D:3      | Learned a level 3 spell: Inner Flame
  3744 | D:3      | Reached skill level 1 in Hexes
  4165 | D:4      | Found a staircase to the Ecumenical Temple.
  4175 | Temple   | Entered the Ecumenical Temple
  4204 | Temple   | Became a worshipper of Sif Muna the Loreminder
  4248 | D:4      | Reached XP level 6. HP: 5/36 MP: 8/10
  4249 | D:4      | HP: 1/36 [poisoned by a scorpion]
  4249 | D:4      | Slain by a jackal

Illustrated notes

Levels and vault maps discovered:
D:1:      tarquinn_simple_flora_water_e, layout_basic
D:2:      layout_loops_ring, basic_ecumenical_altar
D:3:      layout_basic
D:4:      layout_basic, minmay_temple_entry_statues_pillars,
          minmay_three_crescents
Temple:   nicolae_temple_the_god_donut

Skill      XL: |  1  2  3  4  5 |
---------------+----------------+-----
Stealth        | 3 4 |  4.0
Unarmed Combat | 1 |  1.0
Spellcasting   | 3 |  3.1
Hexes          | 1 |  1.3
Conjurations   | 2 |  2.3
Fire Magic     | 4 |  4.1
Fighting       | |  0.2
Short Blades   | |  0.2
Axes           | |  0.3
Dodging        | |  2.2

Action                   |  1- 3 |  4- 6 || total
-------------------------+-------+-------++-------
Melee: Unarmed           |     7 |       ||     7
       Constrict         |     2 |     6 ||     8
       Dagger            |     1 |    18 ||    19
       Tentacles         |     1 |     3 ||     4
       War axe           |       |     5 ||     5
 Cast: Foxfire           |    62 |    79 ||   141
Evoke: Wand              |       |     1 ||     1
  Use: Potion            |       |     2 ||     2
 Stab: Sleeping          |     1 |     2 ||     3
Armor: Skin              |     1 |     5 ||     6
Dodge: Dodged            |    13 |    40 ||    53
Block: Other             |       |     7 ||     7

Table legend: (Time is in decaauts)
 A = Elapsed time spent in this place.
 B = Non-inter-level travel time spent in this place.
 C = Inter-level travel time spent in this place.
 D = Time resting spent in this place.
 E = Time spent auto-exploring this place.
 F = Levels seen in this place.
 G = Mean time per level.
                   A        B        C        D        E       F      G
               +--------+--------+--------+--------+--------+-----+--------+
         Total |   4250 |   4162 |     88 |    171 |   3166 |   5 |  850.0 |
       Dungeon |   4198 |   4132 |     66 |    171 |   3148 |   4 | 1049.5 |
        Temple |     51 |     29 |     22 |      0 |     18 |   1 |   51.0 |
               +--------+--------+--------+--------+--------+-----+--------+

Top non-repeatable levels by time:
     D:1: 1842 daAuts
     D:2: 1204 daAuts
     D:3: 940 daAuts
     D:4: 211 daAuts
  Temple: 51 daAuts
